 Dungeon Crawl Stone Soup version 0.23.2-33-g5129a83184 (webtiles) character file.

Game seed: 12349538734997484862

5216 FishyPogo the Merchant of Misery (level 10, -5/77 HPs)
             Began as a Demonspawn Necromancer on Aug 9, 2019.
             Was a Believer of Kikubaaqudgha.
             Slain by a two-headed ogre
             ... wielding a +0 giant club
              (14 damage)
             ... on level 9 of the Dungeon.
             The game lasted 01:06:24 (9636 turns).

FishyPogo the Merchant of Misery (DsNe)             Turns: 9636, Time: 01:06:28

Health: -5/77      AC:  6    Str:  8    XL:     10   Next: 35%
Magic:  0/28       EV: 14    Int: 17    God:    Kikubaaqudgha [**....]
Gold:   409        SH:  6    Dex: 13    Spells: 10/21 levels left

rFire    + . .     SeeInvis .   a - +5 dagger
rCold    + . .     Gourm    .   (no shield)
rNeg     . . .     Faith    .   C - +2 leather armour of the Eternal Void {rF+ MR++ MP+9 Dex-4}
rPois    .         Spirit   +   w - +0 helmet
rElec    .         Reflect  .   (no cloak)
rCorr    .         Harm     .   (no gloves)
MR       +++..                  (no boots)
Stlth    +.........             x - amulet of the acrobat
HPRegen  0.22/turn              u - ring of protection from cold
MPRegen  0.42/turn              g - ring of protection from magic

@: no status effects
A: hooves 2, large bone plates 2, magic shield, magic regeneration
a: Receive Corpses, Renounce Religion


You were on level 9 of the Dungeon.
You worshipped Kikubaaqudgha.
Kikubaaqudgha was pleased with you.
You were near starving.

You visited 2 branches of the dungeon, and saw 10 of its levels.

You collected 409 gold pieces.

Inventory:

Hand Weapons
 a - a +5 dagger (weapon)
 b - a +0 hunting sling
Missiles
 d - 221 stones (quivered)
Armour
 w - a +0 helmet (worn)
 y - a +0 troll leather armour
 C - the +2 leather armour of the Eternal Void (worn) {rF+ MR++ MP+9 Dex-4}
   (You found it on level 8 of the Dungeon)

   It affects your dexterity (-4).
   It protects you from fire.
   It affects your resistance to hostile enchantments.
   It affects your magic capacity (+9).
 G - a +0 shield
Jewellery
 g - a ring of protection from magic (right hand)
 i - an uncursed ring of fire
 t - a +3 amulet of reflection
 u - a ring of protection from cold (left hand)
 x - an amulet of the acrobat (around neck)
 E - an uncursed amulet of magic regeneration
 F - an uncursed ring of protection from magic
Wands
 f - a wand of paralysis (7)
 j - a wand of polymorph (14)
 s - a wand of disintegration (7)
 v - a wand of random effects (39)
 B - a wand of flame (20)
Scrolls
 e - 4 scrolls of teleportation
 k - 3 scrolls of fear
 m - 2 scrolls of fog
 o - a scroll of identify
 q - 2 scrolls of noise
 D - a scroll of torment {unknown}
Potions
 h - a potion of degeneration
 l - 3 potions of heal wounds
 n - 4 potions of agility
 p - 2 potions of berserk rage
 r - 2 potions of mutation
 z - a potion of magic
 A - a potion of might
 H - 3 potions of ambrosia
Comestibles
 c - 20 rations


   Skills:
 + Level 6.3 Fighting
 - Level 3.0 Short Blades
 - Level 1.2 Slings
 + Level 5.7 Dodging
 - Level 2.0 Stealth
 + Level 0.0 Shields
 + Level 6.0 Spellcasting
 - Level 4.0 Conjurations
 * Level 8.3 Necromancy
 - Level 6.0 Earth Magic
 - Level 0.2 Evocations


You had 10 spell levels left.
You knew the following spells:

 Your Spells              Type           Power        Failure   Level  Hunger
a - Pain                  Necr           ####         1%          1    None
b - Animate Skeleton      Necr           N/A          1%          1    None
c - Vampiric Draining     Necr           ####......   1%          3    ##.....
d - Stone Arrow           Conj/Erth      ###...       7%          3    ##.....
e - Regeneration          Chrm/Necr      ###.......   10%         3    ##.....

Your spell library contained the following spells:

 Spells                   Type           Power        Failure   Level  Hunger
 Sandblast                Erth           ####..       1%          1    None
 Sublimation of Blood     Necr           ####......   1%          2    None
 Animate Dead             Necr           N/A          6%          4    ####...
 Passwall                 Tmut/Erth      ###.....     9%          2    None
 Apportation              Tloc           #.....       19%         1    None
 Confusing Touch          Hex            #.....       19%         1    None
 Summon Small Mammal      Summ           #...         19%         1    None
 Lee's Rapid Deconstruct  Erth           ####......   41%         5    #####..
 Petrify                  Tmut/Erth      ###.....     47%         4    ####...


Dungeon Overview and Level Annotations

Branches:
Dungeon (9/15)             Temple (1/1) D:4            Lair (0/6) D:9
    Orc: D:9-12

Altars:
Ashenzari
Cheibriados
Dithmenos
Elyvilon
Fedhas
Gozag
Hepliaklqana
Kikubaaqudgha
Makhleb
Nemelex Xobeh
Okawaru
Qazlal
Ru
Sif Muna
Trog
Uskayaw
Vehumet
Wu Jian
Xom
Yredelemnul
Zin
The Shining One

Shops:
D:8 (


Innate Abilities, Weirdness & Mutations

You have hoof-like feet.
You are mostly covered in large bone plates. (SH +6)
When hurt, damage is shared between your health and your magic reserves.
You regenerate magic rapidly.


Message History

* * * LOW HITPOINT WARNING * * *
Casting: Vampiric Draining (safe; 1% risk of failure)
Confirm with . or Enter, or press ? or * to list all spells.
Aiming: Vampiric Draining (safe; 1% risk of failure)
Press: ? - help, Shift-Dir - straight line, f/p - two-headed ogre
Aim: a two-headed ogre, wielding a +0 giant club and a +0 giant spiked club (severely wounded)
The two-headed ogre is almost dead.
You feel life coursing into your body.
Casting: Vampiric Draining (safe; 1% risk of failure)
Confirm with . or Enter, or press ? or * to list all spells.
Aiming: Vampiric Draining (safe; 1% risk of failure)
Press: ? - help, Shift-Dir - straight line, f/p - two-headed ogre
Aim: a two-headed ogre, wielding a +0 giant club and a +0 giant spiked club (severely wounded)
The two-headed ogre is almost dead.
You feel life coursing into your body.
The two-headed ogre hits you with a +0 giant club!!
* * * LOW HITPOINT WARNING * * *
The two-headed ogre hits you with a +0 giant spiked club!
You die...
Kikubaaqudgha rasps: "You have failed me!
Welcome... death!"

##............##.
....#..........
#...............####.#..........
#............##..............###
###........#.##........#######
#.....$.##.##........#
#.......##.#.........# ...
#.#.........# .# . ..
#.#.........# .#
....#.#.##@.......# .#
........5O........# .#
?.....#.##........# .#
####....##........# .#
#....########### .#
#####....#### .# #.......>..$#
######.#########.#
.#..........<....#


You could see a two-headed ogre and a quasit.

Vanquished Creatures
  Pikel (D:7)
  A troll (D:7)
  A spriggan (D:8)
  8 yaks
  Sigmund (D:2)
  A wyvern (D:9)
  3 hungry ghosts
  Duvessa (D:7)
  An orc warrior (D:6)
  2 ice beasts
  2 sky beasts
  4 slaves (D:7)
  A phantom (D:5)
  2 ogres
  2 centaurs (D:5)
  A big kobold (D:8)
  3 bullfrogs
  Dowan (D:7)
  A scorpion (D:7)
  A wyvern skeleton (D:7)
  3 wights (D:5)
  2 howler monkeys
  3 crimson imps
  A centaur zombie (D:8)
  A bullfrog zombie (D:6)
  A jelly (D:6)
  5 orc wizards
  2 bullfrog skeletons
  3 hounds
  2 iguanas
  5 worker ants
  A hound zombie (D:4)
  6 gnolls
  7 adders
  2 adder skeletons (D:7)
  An adder zombie (D:9)
  3 worms
  6 leopard geckos
  19 orcs
  3 ball pythons
  5 giant cockroaches
  9 goblins
  10 hobgoblins
  10 jackals
  2 quokkas
  5 bats
  2 frilled lizards
  2 jackal zombies
  8 kobolds
  A leopard gecko skeleton (D:4)
  8 rats
  A plant (D:1)
177 creatures vanquished.

Vanquished Creatures (collateral kills)
  2 yaks (D:8)
  3 orc wizards
  An iguana (D:7)
  An adder (D:2)
  A worm (D:2)
  3 orcs (D:7)
  A hobgoblin (D:1)
  A jackal (D:1)
  2 kobolds (D:2)
15 creatures vanquished.

Grand Total: 192 creatures vanquished

Notes
Turn   | Place    | Note
-------+----------+-------------------------------------------
     0 | D:1      | FishyPogo the Demonspawn Necromancer began the quest for
                  | the Orb.
     0 | D:1      | Reached XP level 1. HP: 13/13 MP: 3/3
   175 | D:1      | Learned a level 1 spell: Animate Skeleton
   253 | D:1      | Gained mutation: You have large cloven feet. [demonic
                  | ancestry]
   253 | D:1      | Reached XP level 2. HP: 17/20 MP: 0/5
   340 | D:1      | Reached skill level 1 in Fighting
   699 | D:1      | Gained mutation: You are partially covered in large bone
                  | plates. (SH +4) [demonic ancestry]
   699 | D:1      | Reached XP level 3. HP: 25/26 MP: 3/6
   859 | D:1      | Learned a level 3 spell: Vampiric Draining
  1713 | D:2      | Reached skill level 5 in Necromancy
  1713 | D:2      | Reached XP level 4. HP: 20/33 MP: 0/7
  1996 | D:2      | Noticed Sigmund
  2005 | D:2      | Killed Sigmund
  2005 | D:2      | Reached skill level 1 in Slings
  2005 | D:2      | Gained mutation: When hurt, damage is shared between your
                  | health and your magic reserves. [demonic ancestry]
  2005 | D:2      | Reached XP level 5. HP: 37/40 MP: 4/9
  2209 | D:2      | Learned a level 3 spell: Stone Arrow
  2386 | D:3      | Reached XP level 6. HP: 37/47 MP: 5/10
  2781 | D:3      | Found a sparkling altar of Nemelex Xobeh.
  3113 | D:4      | Reached skill level 1 in Conjurations
  3251 | D:4      | Found a staircase to the Ecumenical Temple.
  3263 | Temple   | Entered the Ecumenical Temple
  3407 | Temple   | Became a worshipper of Kikubaaqudgha
  3572 | D:4      | Reached skill level 1 in Earth Magic
  3950 | D:4      | Found a white marble altar of Elyvilon.
  4198 | D:4      | Gained mutation: You have hoof-like feet. [demonic
                  | ancestry]
  4198 | D:4      | Reached XP level 7. HP: 25/52 MP: 0/12
  4305 | D:4      | Found an opulent altar of Gozag.
  4509 | D:5      | Entered Level 5 of the Dungeon
  4547 | D:5      | Found a bloodstained altar of Trog.
  4789 | D:5      | Reached skill level 1 in Short Blades
  5624 | D:6      | Found a sparkling altar of Nemelex Xobeh.
  5965 | D:6      | Gained mutation: You regenerate magic rapidly. [demonic
                  | ancestry]
  5965 | D:6      | Reached XP level 8. HP: 10/60 MP: 0/13
  6266 | D:6      | Reached skill level 6 in Necromancy
  6416 | D:6      | Reached * piety under Kikubaaqudgha
  6416 | D:6      | Identified Kikubaaqudgha's Collected Works on Evil Rituals
                  | (Kikubaaqudgha gifted it to you on level 6 of the Dungeon)
  6416 | D:6      | Received a gift from Kikubaaqudgha
  6459 | D:6      | Learned a level 3 spell: Regeneration
  6508 | D:6      | Found a shimmering altar of Xom.
  6509 | D:6      | Found a hazy altar of Hepliaklqana.
  6509 | D:6      | Noticed a hell beast
  6510 | D:6      | Noticed a hell beast
  6510 | D:6      | Noticed a spectral ugly thing
  6897 | D:6      | Found an iron altar of Okawaru.
  7069 | D:7      | Noticed Duvessa
  7069 | D:7      | Noticed Dowan
  7303 | D:7      | Noticed a troll
  7405 | D:7      | Killed a troll
  7632 | D:7      | Killed Duvessa
  7632 | D:7      | Reached XP level 9. HP: 55/66 MP: 5/15
  7649 | D:7      | Killed Dowan
  7870 | D:7      | Noticed Pikel
  7953 | D:7      | Killed Pikel
  7953 | D:7      | Reached skill level 5 in Fighting
  7953 | D:7      | Reached skill level 5 in Earth Magic
  8060 | D:8      | Got a jewelled leather armour
  8071 | D:8      | Identified the +2 leather armour of the Eternal Void {rF+
                  | MR++ MP+9 Dex-4} (You found it on level 8 of the Dungeon)
  8146 | D:8      | Reached ** piety under Kikubaaqudgha
  8146 | D:8      | Reached skill level 5 in Spellcasting
  8586 | D:8      | Found a basalt altar of Yredelemnul.
  8599 | D:8      | Found Cok Loq's Weapon Shoppe.
  8825 | D:9      | Reached skill level 5 in Dodging
  8838 | D:9      | Reached skill level 7 in Necromancy
  8842 | D:9      | Noticed a two-headed ogre
  8853 | D:9      | Found a staircase to the Lair.
  9027 | D:8      | Gained mutation: You are mostly covered in large bone
                  | plates. (SH +6) [demonic ancestry]
  9027 | D:8      | Reached XP level 10. HP: 74/76 MP: 18/18
  9166 | D:9      | Reached skill level 8 in Necromancy
  9180 | D:9      | Noticed a rakshasa
  9315 | D:9      | Found an iron altar of Okawaru.
  9636 | D:9      | Slain by a two-headed ogre

Skill      XL: |  1  2  3  4  5  6  7  8  9 10 |
---------------+-------------------------------+-----
Fighting       | 1 2 3 4 5 6 |  6.3
Dodging        | 2 3 4 5 |  5.7
Stealth        | 2 |  2.0
Necromancy     | 5 6 7 8 |  8.3
Slings         | 1 |  1.2
Spellcasting   | 3 4 5 6 |  6.0
Conjurations   | 1 3 4 |  4.0
Earth Magic    | 1 2 4 6 |  6.0
Short Blades   | 2 3 |  3.0
Evocations     | |  0.2

Action                   |  1- 3 |  4- 6 |  7- 9 | 10-12 || total
-------------------------+-------+-------+-------+-------++-------
Melee: Hunting sling     |     5 |       |       |       ||     5
       Dagger            |   132 |    81 |   311 |    88 ||   612
       Kick              |    60 |    17 |    76 |    16 ||   169
       Unarmed           |       |       |     2 |       ||     2
 Fire: Hunting sling     |    46 |     1 |       |       ||    47
Throw: Stone             |     1 |     8 |     5 |       ||    14
 Cast: Pain              |    52 |    55 |    87 |    12 ||   206
       Animate Skeleton  |     3 |    12 |    16 |     2 ||    33
       Vampiric Draining |     1 |     6 |    58 |    24 ||    89
       Stone Arrow       |       |     3 |    16 |     5 ||    24
       Regeneration      |       |       |    11 |     2 ||    13
  Use: Potion            |       |       |     3 |       ||     3
       Scroll            |       |       |     7 |     6 ||    13
 Stab: Sleeping          |       |     4 |     4 |       ||     8
  Eat: Chunk             |     4 |     8 |    18 |    10 ||    40
       Ration            |       |       |     2 |     1 ||     3
Armor: Robe              |     6 |     6 |    14 |       ||    26
       Skin              |       |       |     2 |       ||     2
       Leather armour    |       |       |    38 |    19 ||    57
Dodge: Dodged            |    33 |    42 |   195 |    44 ||   314
Block: Other             |     7 |    18 |    47 |    25 ||    97
